 Dungeon Crawl Stone Soup version 0.24.1-8-ga250c9d538 (webtiles) character file.

Game seed: 9581160643999668341, levelgen mode: deterministic

42 Raviolo the Sneak (level 3, 0/16 HPs)
             Began as a Spriggan Enchanter on May 9, 2020.
             Slain by a jackal (2 damage)
             ... on level 2 of the Dungeon.
             The game lasted 00:08:04 (1227 turns).

Raviolo the Sneak (Spriggan Enchanter)              Turns: 1227, Time: 00:08:05

Health: 0/16       AC:  2    Str:  5    XL:     3   Next: 35%
Magic:  8/8        EV: 19    Int: 16    God:
Gold:   52         SH:  0    Dex: 16    Spells: 7/8 levels left

rFire    . . .     SeeInvis +   a - +1 dagger
rCold    . . .     Gourm    .   (shield restricted)
rNeg     + . .     Faith    .   b - +0 robe
rPois    .         Spirit   .   (helmet restricted)
rElec    .         Reflect  .   (no cloak)
rCorr    .         Harm     .   (gloves unavailable)
MR       .....                  (boots unavailable)
Stlth    +++.......             (no amulet)
HPRegen  0.05/turn              l - ring of positive energy
MPRegen  0.11/turn              (no ring)

@: very quick
A: very small, unfitting armour, see invisible, herbivore, speed 3, slow
metabolism 2
a: no special abilities


You were on level 2 of the Dungeon.
You were not hungry.

You visited 1 branch of the dungeon, and saw 2 of its levels.

You collected 52 gold pieces.

Inventory:

Hand Weapons
 a - a +1 dagger (weapon)
Missiles
 c - 31 poisoned darts (quivered)
Armour
 b - a +0 robe (worn)
Jewellery
 l - a ring of positive energy (left hand)
Scrolls
 e - a scroll of amnesia
 g - a scroll of remove curse
 h - a scroll of identify {unknown}
Potions
 f - a potion of berserk rage {unknown}
 i - a potion of resistance {unknown}
 j - a potion of might {unknown}
 k - a potion of flight {unknown}
Comestibles
 d - 2 rations


   Skills:
 + Level 1.8 Short Blades
 + Level 1.0 Throwing
 + Level 3.4 Dodging
 + Level 5.1 Stealth
 + Level 3.0 Spellcasting
 + Level 3.9 Hexes


You had 7 spell levels left.
You knew the following spells:

 Your Spells              Type           Power        Failure   Level  Hunger
a - Corona                Hex            ###....      3%          1    #......

Your spell library contained the following spells:

 Spells                   Type           Power        Failure   Level  Hunger
 Confuse                  Hex            ###.....     11%         3    ###....
 Tukima's Dance           Hex            ###.....     11%         3    ###....
 Ensorcelled Hibernation  Hex/Ice        #.....       13%         2    ##.....
 Dazzling Spray           Conj/Hex       #.....       26%         3    ###....


Dungeon Overview and Level Annotations

Branches:
Dungeon (2/15)

Altars:


Innate Abilities, Weirdness & Mutations

You are very small and have problems with some larger weapons.
You are too small for most types of armour.
You have supernaturally acute eyesight. (SInv)
You are a herbivore.
You cover ground extremely quickly.
You need to consume almost no food.


Message History

The jackal bites you but does no damage.
You closely miss the jackal.
The jackal is heavily wounded.
The jackal misses you.
You barely miss the jackal.
The jackal is heavily wounded.
The jackal closely misses you.
You closely miss the jackal.
The jackal is heavily wounded.
The jackal closely misses you. The jackal completely misses you.
You closely miss the jackal.
The jackal is heavily wounded.
The jackal misses you.
You hit the jackal but do no damage.
The jackal is heavily wounded.
The jackal misses you.
You hit the jackal but do no damage.
The jackal is heavily wounded.
The jackal bites you.
You die...

*,,,,b.,,.......(,,,,,,,,,,..
*,,,,..#.......(,,....,,,,,..
*,,,,,...,......,.....,,**,..
*,,,,#,#..,...(,*.....,,**,,.
*,,,,#.#..##..###...##*,**,,,
**,,,.................,,**,,,
*,*,#.#..........[.#*,,,,,,,
*,*,........h....#.*#.......
**,,,......#@#....#.##.......
*,,,,.....,#.#...............
*,,,,....,,#.#.####.........#
*,,,,###.###.#.####,#.......#
*,,..#............#.#......##
*,,......###.#.##.#..........
**,,.........................
****#...........>.....###†##
#.................# #.#


You could see a jackal.

Vanquished Creatures
  An adder (D:2)
  2 dart slugs
  A leopard gecko (D:1)
  A bat (D:2)
  2 giant cockroaches (D:1)
  2 goblins
  4 hobgoblins
  3 jackals (D:2)
  5 kobolds
  5 rats
26 creatures vanquished.

Notes
Turn   | Place    | Note
-------+----------+-------------------------------------------
     0 | D:1      | Raviolo the Spriggan Enchanter began the quest for the Orb.
     0 | D:1      | Reached XP level 1. HP: 9/9 MP: 5/5
   105 | D:1      | Reached XP level 2. HP: 9/13 MP: 6/6
   532 | D:1      | Reached skill level 5 in Stealth
  1108 | D:2      | Reached XP level 3. HP: 9/16 MP: 8/8
  1141 | D:2      | Reached skill level 1 in Throwing
  1227 | D:2      | Slain by a jackal

Levels and vault maps discovered:
D:1:      tarquinn_simple_flora_water_c, layout_basic, skrybe_limestone_x
D:2:      layout_basic

Skill      XL: |  1  2  3 |
---------------+----------+-----
Stealth        | 5 |  5.1
Throwing       | 1 |  1.0
Spellcasting   | 3 |  3.0
Short Blades   | |  1.8
Dodging        | |  3.4
Hexes          | |  3.9

Action                   || total
-------------------------++-------
Melee: Dagger            ||   117
Throw: Dart              ||    26
 Cast: Corona            ||     1
  Use: Scroll            ||     4
 Stab: Sleeping          ||     4
Armor: Robe              ||     9
Dodge: Dodged            ||    84
